 Dungeon Crawl Stone Soup version 0.28-a0-1159-g27aa881441 (webtiles) character file.

Game seed: 4491932344178553472

401 Gwenloh the Grave Robber (level 6, -1/55 HPs)
             Began as a Deep Dwarf Necromancer on Dec 15, 2021.
             Slain by Duvessa (9 damage)
             ... on level 4 of the Dungeon.
             The game lasted 00:15:30 (4216 turns).

Gwenloh the Grave Robber (Deep Dwarf Necromancer)   Turns: 4216, Time: 00:15:31

Health: -1/55      AC:  3    Str: 11    XL:     6   Next: 54%
Magic:  1/10       EV: 12    Int: 18    God:
Gold:   128        SH:  0    Dex: 13    Spells: 3/11 levels left

rFire   . . .      SeeInvis .   h - +0 dagger (vamp)
rCold   . . .      Faith    .   (no shield)
rNeg    . . .      Spirit   .   e - +0 leather armour
rPois   .          Reflect  .   (no helmet)
rElec   .          Harm     .   (no cloak)
rCorr   .          Rampage  .   (no gloves)
Will    .....                   (no boots)
Stlth   ++........              (no amulet)
HPRegen 0.00/turn               (no ring)
MPRegen 0.12/turn               (no ring)

@: no status effects
A: damage resistance, heal wounds, sense surroundings 1, no regeneration
a: Heal Wounds


You were on level 4 of the Dungeon.
You visited 1 branch of the dungeon, and saw 4 of its levels.

You collected 128 gold pieces.

Inventory:

Hand Weapons
 f - a +0 whip of venom
 h - a +0 vampiric dagger (weapon)
Missiles
 g - 4 javelins
Armour
 a - a +0 robe
 e - a +0 leather armour (worn)
Jewellery
 l - an amulet of faith
Scrolls
 d - a scroll of brand weapon {unknown}
 j - a scroll of fog {unknown}
 k - a scroll of amnesia {unknown}
 n - a scroll of identify {unknown}
Potions
 b - 3 potions of attraction {unknown}
 c - a potion of might
 i - a potion of brilliance {unknown}
 m - a potion of flight {unknown}


   Skills:
 + Level 2.8 Fighting
 + Level 3.4 Armour
 - Level 2.1 Dodging
 - Level 2.4 Stealth
 + Level 3.3 Spellcasting
 + Level 5.7 Necromancy


You had 3 spell levels left.
You knew the following spells:

 Your Spells              Type           Power      Damage    Failure   Level
a - Pain                  Necr           92%        1d8       1%          1
b - Vampiric Draining     Necr           23%        2d7       6%          3
c - Animate Dead          Necr           11%        N/A       19%         4

Your spell library contained the following spells:

 Spells                   Type           Power      Damage    Failure   Level
 Animate Skeleton         Necr           46%        N/A       1%          1
 Ignite Poison            Fire/Tmut/Pois 2%         N/A       52%         3
 Mephitic Cloud           Conj/Pois/Air  2%         N/A       52%         3
 Agony                    Necr           23%        N/A       47%         5
 Freezing Cloud           Conj/Ice/Air   1%         6-21      99%         5


Dungeon Overview and Level Annotations

Branches:
Dungeon (4/15)
 Temple: D:4-7

Altars:

Shops:
D:1 (

Annotations:
D:3 Grinder, Ijyb
D:4 Duvessa


Innate Abilities, Weirdness & Mutations

You are resistant to damage.
You can heal yourself by infusing magical energy.
You passively map a small area around you.
You do not regenerate.


Message History

Dowan is heavily wounded.
Dowan hits you with a +3 dagger!
Casting: Pain (safe; 1% risk of failure)
Confirm with . or Enter, or press ? or * to list all spells.
Aiming: Vampiric Draining (dangerous; 6% risk of failure)
Press: ? - help, Shift-Dir - straight line, f/p - Dowan
Aim: Dowan, wielding a +3 dagger and wearing a +0 robe (heavily wounded)
You draw life force from Dowan!
You feel life coursing into your body. Dowan barely misses you.
Casting: Vampiric Draining (dangerous; 6% risk of failure)
Confirm with . or Enter, or press ? or * to list all spells.
Aiming: Vampiric Draining (dangerous; 6% risk of failure)
Press: ? - help, Shift-Dir - straight line, f/p - Dowan
Aim: Dowan, wielding a +3 dagger and wearing a +0 robe (severely wounded)
You draw life force from Dowan!
You kill Dowan!
Duvessa screams, "No!
How DARE you!"
Duvessa goes berserk!
You feel life coursing into your body.
Duvessa hits you with a +4 vampiric rapier.
Casting: Vampiric Draining (dangerous; 6% risk of failure)
Confirm with . or Enter, or press ? or * to list all spells.
Aiming: Vampiric Draining (dangerous; 6% risk of failure)
Press: ? - help, Shift-Dir - straight line, f - Duvessa
Aim: Duvessa, wielding a +4 vampiric rapier and wearing a +0 chain mail (berserk)
You draw life force from Duvessa.
You feel life coursing into your body.
Duvessa hits you with a +4 vampiric rapier!
Unknown command.
Casting: Vampiric Draining (dangerous; 6% risk of failure)
Confirm with . or Enter, or press ? or * to list all spells.
You don't have enough magic to cast this spell.
Aiming: Pain (safe; 1% risk of failure)
Press: ? - help, Q - select action, (/) - cycle Shift-Dir - straight line, f/p - Duvessa
Aim: Duvessa, wielding a +4 vampiric rapier and wearing a +0 chain mail (lightly wounded, berserk, chance to affect: 69%)
Okay, then.
You hit Duvessa but do no damage.
Duvessa is lightly wounded.
Duvessa hits you with a +4 vampiric rapier!!
* * * LOW HITPOINT WARNING * * *
Duvessa hits you with a +4 vampiric rapier!
You die...

, ,,
###......
, ,
......# ,
,, #...#
,* #.# *
* * #.# ,
, #.# *
** #.# *
* #e# *
#@# * *
#.# *, *
* , ...*
** #....
, ,
#...##*
#####


You could see Duvessa (berserk).

Vanquished Creatures
  An ogre (D:2)
  A scorpion (D:4)
  Dowan (D:4)
  A hound (D:2)
  Jessica (D:3)
  Natasha (thrice) (D:2)
  An adder (D:2)
  An ufetubus (D:3)
  3 worms
  A dart slug (D:2)
  4 endoplasms (D:1)
  2 giant cockroaches (D:3)
  10 goblins
  4 hobgoblins
  6 jackals
  3 ball pythons (D:2)
  3 bats
  4 frilled lizards
  7 kobolds
  3 rats
60 creatures vanquished.

Vanquished Creatures (others)
  An orc (D:3)
  3 plants (D:3)
4 creatures vanquished.

Grand Total: 64 creatures vanquished

Notes
Turn   | Place    | Note
-------+----------+-------------------------------------------
     0 | D:1      | Gwenloh the Deep Dwarf Necromancer began the quest for the
                  | Orb.
     0 | D:1      | Reached XP level 1. HP: 15/15 MP: 3/3
     2 | D:1      | You fall into a shaft and drop 1 floor!
   510 | D:1      | Reached XP level 2. HP: 19/24 MP: 0/4
   759 | D:1      | Reached skill level 1 in Armour
   935 | D:1      | Found Temiudgh's Antique Weapon Shoppe.
  1319 | D:2      | Reached skill level 1 in Fighting
  1319 | D:2      | Reached XP level 3. HP: 17/31 MP: 0/6
  1611 | D:2      | Noticed an ogre
  1621 | D:2      | Learned a level 3 spell: Vampiric Draining
  1677 | D:2      | Noticed Natasha
  1687 | D:2      | Killed Natasha
  1688 | D:2      | Reached XP level 4. HP: 30/38 MP: 3/7
  1811 | D:2      | Noticed Natasha
  1827 | D:2      | Killed Natasha
  1828 | D:2      | Reached skill level 5 in Necromancy
  2441 | D:2      | Noticed Natasha
  2631 | D:3      | Reached XP level 5. HP: 34/45 MP: 2/8
  2636 | D:3      | Learned a level 4 spell: Animate Dead
  2698 | D:3      | Found a faded altar of an unknown god.
  2802 | D:3      | Noticed Grinder
  2862 | D:2      | Killed an ogre
  2974 | D:2      | Killed Natasha
  3220 | D:3      | Paralysed by Grinder for 2 turns
  4014 | D:4      | Reached XP level 6. HP: 49/55 MP: 0/10
  4095 | D:3      | Noticed Jessica
  4101 | D:3      | Noticed Ijyb
  4103 | D:3      | Killed Jessica
  4193 | D:4      | Noticed Duvessa
  4193 | D:4      | Noticed Dowan
  4214 | D:4      | Killed Dowan
  4216 | D:4      | Slain by Duvessa

Illustrated notes

Levels and vault maps discovered:
D:1:      elethiomel_arrival_shortcut, layout_basic, serial_shops, shop
D:2:      layout_loops_cross, serial_aquarium, aquarium_bridge_square
          [aquarium_subvault_bridge, aquarium_subvault_window,
          aquarium_subvault_wall, aquarium_subvault_wall],
          aquarium_bridge_square [aquarium_subvault_bridge,
          aquarium_subvault_wall, aquarium_subvault_wall,
          aquarium_subvault_window], aquarium_window_2, aquarium_window_1,
          aquarium_view_2d, dk_noncrumbling_4, uniq_natasha
D:3:      layout_rooms, shapermc_ecumenical_altar_mp_ritualfount, st_stairs_12,
          uniq_grinder, uniq_ijyb, uniq_jessica
D:4:      layout_loops_ring, minivault_11, uniq_duvessa

Skill      XL: |  1  2  3  4  5 |
---------------+----------------+-----
Spellcasting   | 2 3 |  3.3
Armour         | 1 2 3 |  3.4
Fighting       | 1 2 |  2.8
Necromancy     | 5 |  5.7
Dodging        | |  2.1
Stealth        | |  2.4

Action                   |  1- 3 |  4- 6 || total
-------------------------+-------+-------++-------
Melee: Dagger            |    31 |    93 ||   124
       Whip              |     3 |       ||     3
 Cast: Pain              |    52 |    38 ||    90
       Vampiric Draining |       |    24 ||    24
 Abil: Heal Wounds       |       |     3 ||     3
 Stab: Sleeping          |     2 |     1 ||     3
Armor: Leather armour    |    15 |    25 ||    40
Dodge: Dodged            |    34 |    89 ||   123

Table legend: (Time is in decaauts)
 A = Elapsed time spent in this place.
 B = Non-inter-level travel time spent in this place.
 C = Inter-level travel time spent in this place.
 D = Time resting spent in this place.
 E = Time spent auto-exploring this place.
 F = Levels seen in this place.
 G = Mean time per level.
                   A        B        C        D        E       F      G
               +--------+--------+--------+--------+--------+-----+--------+
         Total |   4230 |   3912 |    318 |   1302 |   1616 |   4 | 1057.5 |
       Dungeon |   4230 |   3912 |    318 |   1302 |   1616 |   4 | 1057.5 |
               +--------+--------+--------+--------+--------+-----+--------+

Top non-repeatable levels by time:
     D:2: 2128 daAuts
     D:1: 1297 daAuts
     D:3: 628 daAuts
     D:4: 176 daAuts
